 Dungeon Crawl Stone Soup version 0.29.1-13-g9f3cf754e1 (webtiles) character file.

Game seed: 2502552091366600144

2591 promet the Thaumaturge (level 9, 0/52 HPs)
             Began as a Deep Elf Hedge Wizard on Feb 10, 2023.
             Was an Initiate of Vehumet.
             Killed by divine providence
             ... invoked by an orc priest
              (12 damage)
             ... on level 7 of the Dungeon.
             The game lasted 01:22:38 (14442 turns).

promet the Thaumaturge (Deep Elf Hedge Wizard)     Turns: 14442, Time: 01:22:38

Health: 0/52       AC: 12    Str: 11    XL:     9   Next: 33%
Magic:  31/33      EV: 13    Int: 23    God:    Vehumet [......]
Gold:   281        SH:  0    Dex: 13    Spells: 15/27 levels left

rFire   . . .      SeeInvis .   a - +0 falchion
rCold   + . .      Faith    .   (no shield)
rNeg    . . .      Spirit   .   n - +0 steam dragon scales
rPois   .          Reflect  .   c - +1 hat
rElec   .          Harm     .   (no cloak)
rCorr   .          Rampage  .   C - +0 pair of gloves
Will    .....                   k - +0 pair of boots
Stlth   +++.......              o - amulet of the acrobat
HPRegen 0.17/turn               e - +4 ring of protection
MPRegen 0.23/turn               B - ring of magical power

@: no status effects
A: cold resistance 1, strong 1, subdued magic 1, MP-powered wands
a: Renounce Religion


You were on level 7 of the Dungeon.
You worshipped Vehumet.
Vehumet was noncommittal.
You visited 2 branches of the dungeon, and saw 9 of its levels.

You collected 281 gold pieces.

Inventory:

Hand Weapons
 a - a +0 falchion (weapon)
 b - a +0 shortbow
 f - a +0 sling
 j - a +0 dagger
 t - a +0 dagger of holy wrath
 u - a +0 trident
 A - a +0 war axe
 F - a +0 rapier
 G - a +0 morningstar
 I - a +0 glaive
Missiles
 h - 44 stones
 x - 13 boomerangs
Armour
 c - a +1 hat (worn)
 k - a +0 pair of boots (worn)
 l - a +0 leather armour
 n - +0 steam dragon scales (worn)
 s - a +0 robe
 C - a +0 pair of gloves (worn)
 J - a +2 leather armour of cold resistance
Jewellery
 e - a +4 ring of protection (left hand)
 o - an amulet of the acrobat (around neck)
 y - an amulet of guardian spirit
 B - a ring of magical power (right hand)
 E - an amulet of regeneration
Wands
 p - a wand of polymorph (1) (quivered)
Scrolls
 w - a scroll of fear
 D - a scroll of noise {unknown}
 H - 2 scrolls of identify
Potions
 d - a potion of magic
 g - 4 potions of curing
 i - 2 potions of attraction
 m - 3 potions of haste {unknown}
 q - a potion of heal wounds
 r - a potion of ambrosia
 v - a potion of might {unknown}
 z - a potion of invisibility


   Skills:
 * Level 4.0 Fighting
 + Level 1.7(3.2) Short Blades
 + Level 3.8(4.0) Long Blades
 + Level 0.7 Polearms
 + Level 1.6 Ranged Weapons
 + Level 0.2 Throwing
 + Level 4.8 Dodging
 + Level 5.0 Stealth
 + Level 9.7 Spellcasting
 + Level 3.4 Conjurations
 + Level 4.0 Hexes
 + Level 4.5 Summonings
 + Level 1.7 Translocations


You had 15 spell levels left.
You knew the following spells:

 Your Spells              Type           Power      Damage    Failure   Level
a - Magic Dart            Conj           80%        1d7       1%          1
b - Blink                 Tloc           28%        N/A       3%          2
c - Call Imp              Summ           24%        N/A       1%          2
d - Slow                  Hex            88%        N/A       1%          1
e - Teleport Other        Tloc           14%        N/A       7%          3
f - Conjure Flame         Conj/Fire      14%        6-21      7%          3

Your spell library contained the following spells:

 Spells                   Type           Power      Damage    Failure   Level
 Necrotise                Necr           32%        1d5       4%          1
 Gell's Gravitas          Tloc           14%        N/A       7%          3
 Lesser Beckoning         Tloc           14%        N/A       7%          3
 Mephitic Cloud           Conj/Pois/Air  12%        N/A       9%          3
 Vampiric Draining        Necr           8%         2d6       14%         3
 Agony                    Necr           8%         N/A       82%         5
 Conjure Ball Lightning   Conj/Air       7%         3x3d6     99%         6
 Discord                  Hex            11%        N/A       100%        8
 Disjunction              Tloc           7%         N/A       100%        8


Dungeon Overview and Level Annotations

Branches:
Dungeon (8/15)             Temple (1/1) D:7
   Lair: D:8-11

Altars:
Cheibriados
Dithmenos
Kikubaaqudgha
Makhleb
Uskayaw
Vehumet
Wu Jian
The Shining One

Annotations:
D:2 1 runed translucent door, Crazy Yiuf
D:7 1 runed translucent door, AverageBear's ghost, novice DsFi
D:8 Maurice


Innate Abilities, Weirdness & Mutations

Your flesh is cold resistant. (rC+)
Your muscles are strong. (Str +4, Int/Dex -1)
Your spells are a little easier to cast, but a little less powerful.
You expend magic power (3 MP) to strengthen your wands.


Message History

There is a stone staircase leading down here.
You climb downwards.
Level annotation: Maurice The orc priest hits you but does no damage.
The orc shouts!
There is a stone staircase leading up here.
The orc wizard shouts!
The orc warrior shouts!
The orc priest closely misses you.
The orc warrior hits you from afar with a +0 glaive!
You climb upwards.
Level annotation: 1 runed translucent door, AverageBear's ghost, novice DsFi
There is a stone staircase leading down here.
a - a +0 falchion (weapon)
You hit the orc priest.
The orc priest is moderately wounded.
The orc priest closely misses you.
You hit the orc priest.
The orc priest is severely wounded.
The orc priest hits you with a +0 hand axe.
You closely miss the orc priest.
The orc priest is severely wounded.
The orc priest barely misses you.
The orc priest mumbles some strange prayers to Beogh against you.
Beogh smites you!
You hit the orc priest.
The orc priest is almost dead.
The orc priest invokes the aid of Beogh against you.
You resist with significant effort.
You hit the orc priest.
The orc priest is almost dead.
The orc priest invokes the aid of Beogh against you.
Pain shoots through your body!
* * * LOW HITPOINT WARNING * * *
Okay, then.
Casting: Slow (safe; 1% risk of failure)
Confirm with . or Enter, or press ? or * to list all spells.
A beastly little devil appears in a puff of frigid air.
The orc priest mumbles some strange prayers to Beogh against you.
Beogh smites you!
You die...

### ### ###
#.####.########### ##.#
#..##.....#......### ##...
##..##.....#.......###....
#...##.....#......##.....
##..###5.........##......
##..##..o......##..#####
#.[.##@......##..##
##...##........###
##..##.......## #
#...##.....## #
##...##...## # #....#..##
# ##.)...## ### ##.....##
..#### ###.##...##


You could see an orc priest (ally target) and a friendly white imp (summoned).

Vanquished Creatures
  A steam dragon (D:7)
  An acid dragon (D:7)
  4 ice beasts
  An orc warrior (D:7)
  A sky beast (D:7)
  2 centaurs (D:5)
  2 black bears
  An ogre (D:6)
  A phantom (D:6)
  A bullfrog (D:3)
  3 scorpions
  A jelly (D:5)
  4 hounds
  3 iguanas
  2 orc wizards
  4 gnolls
  7 adders
  A shadow imp (D:5)
  A white imp (D:7)
  3 worms
  3 dart slugs
  11 orcs
  10 endoplasms
  6 giant cockroaches (D:4)
  6 goblins
  4 hobgoblins
  3 kobolds
  3 quokkas
  5 ball pythons
  9 bats
  4 frilled lizards
  2 goblin zombies (D:6)
  5 rats
115 creatures vanquished.

Vanquished Creatures (collateral kills)
  An ogre (D:6)
  A bullfrog (D:7)
  2 scorpions (D:5)
  A howler monkey (D:3)
  A hound (D:7)
  3 jellies
  An orc priest (D:3)
  2 iguanas
  2 gnolls (D:3)
  2 adders
  A white imp (D:7)
  14 orcs
  3 endoplasms
  A giant cockroach (D:1)
  A goblin (D:3)
  A kobold (D:3)
37 creatures vanquished.

Grand Total: 152 creatures vanquished

Notes
Turn   | Place    | Note
-------+----------+-------------------------------------------
     0 | D:1      | promet the Deep Elf Hedge Wizard began the quest for the
                  | Orb.
     0 | D:1      | Reached XP level 1. HP: 10/10 MP: 7/7
   293 | D:1      | Reached XP level 2. HP: 16/16 MP: 3/9
   552 | D:1      | Reached skill level 5 in Spellcasting
   979 | D:2      | Found a faded altar of an unknown god.
  1092 | D:2      | Reached XP level 3. HP: 9/20 MP: 4/11
  1618 | D:2      | Learned a level 2 spell: Blink
  1621 | D:2      | Learned a level 2 spell: Call Imp
  2808 | D:2      | Found a runed translucent door.
  2809 | D:2      | Noticed Crazy Yiuf
  3085 | D:3      | Reached XP level 4. HP: 24/24 MP: 13/13
  3100 | D:3      | Reached skill level 1 in Fighting
  3205 | D:3      | Reached skill level 1 in Long Blades
  3627 | D:3      | Found an ornate altar of the Wu Jian Council.
  3808 | D:3      | Gained mutation: You are occasionally teleported next to
                  | monsters. [potion of mutation]
  3808 | D:3      | Gained mutation: You are robust. (+10% HP) [potion of
                  | mutation]
  3808 | D:3      | Gained mutation: You are strong-willed. (Will+) [potion of
                  | mutation]
  4000 | D:3      | Reached XP level 5. HP: 24/31 MP: 3/15
  4787 | D:4      | Found a glowing golden altar of the Shining One.
  4814 | D:4      | Found a hide-covered altar of Uskayaw.
  5121 | D:4      | Reached skill level 6 in Spellcasting
  5151 | D:3      | Reached skill level 1 in Short Blades
  5151 | D:3      | Reached XP level 6. HP: 11/37 MP: 4/17
  6151 | D:4      | Learned a level 1 spell: Slow
  7040 | D:5      | Entered Level 5 of the Dungeon
  7119 | D:5      | Reached skill level 1 in Hexes
  7125 | D:5      | Reached XP level 7. HP: 20/44 MP: 18/18
  7284 | D:5      | Lost mutation: You are occasionally teleported next to
                  | monsters. [potion of mutation]
  7284 | D:5      | Lost mutation: You are robust. (+10% HP) [potion of
                  | mutation]
  7284 | D:5      | Gained mutation: Your spells are a little easier to cast,
                  | but a little less powerful. [potion of mutation]
  7284 | D:5      | Gained mutation: You do not regenerate when monsters are
                  | visible. [potion of mutation]
  7284 | D:5      | Gained mutation: You have sharp fingernails. [potion of
                  | mutation]
  7285 | D:5      | Lost mutation: You are strong-willed. (Will+) [potion of
                  | mutation]
  7285 | D:5      | Lost mutation: You have sharp fingernails. [potion of
                  | mutation]
  7285 | D:5      | Gained mutation: You expend magic power (3 MP) to
                  | strengthen your wands. [potion of mutation]
  7285 | D:5      | Gained mutation: Your flesh is cold resistant. (rC+)
                  | [potion of mutation]
  7285 | D:5      | Gained mutation: Your muscles are strong. (Str +4, Int/Dex
                  | -1) [potion of mutation]
  7285 | D:5      | Lost mutation: You do not regenerate when monsters are
                  | visible. [potion of mutation]
  7288 | D:5      | You fall into a shaft and drop 2 floors!
  7309 | D:7      | Learned a level 3 spell: Teleport Other
  7349 | D:7      | Found a runed translucent door.
  7349 | D:7      | Noticed AverageBear's ghost (novice DsFi)
  7357 | D:7      | Noticed a steam dragon
  7472 | D:7      | Found a staircase to the Ecumenical Temple.
  7552 | D:7      | Found a shadowy altar of Dithmenos.
  8229 | D:5      | Reached skill level 7 in Spellcasting
  8799 | D:5      | Reached skill level 1 in Ranged Weapons
  8799 | D:5      | Reached XP level 8. HP: 37/45 MP: 21/21
  9131 | D:5      | Reached skill level 8 in Spellcasting
 11191 | D:5      | Learned a level 3 spell: Conjure Flame
 11974 | D:6      | Reached skill level 9 in Spellcasting
 12068 | D:6      | Reached XP level 9. HP: 52/52 MP: 24/24
 12860 | D:7      | Reached skill level 5 in Stealth
 12993 | Temple   | Entered the Ecumenical Temple
 13033 | Temple   | Became a worshipper of Vehumet
 13672 | D:8      | Noticed a two-headed ogre
 14158 | D:8      | Noticed Maurice
 14442 | D:7      | Killed from afar by an orc priest

Illustrated notes

Levels and vault maps discovered:
D:1:      saegor_arrival_simple_d, layout_loops_ring, kennysheep_doodads,
          minivault_26
D:2:      layout_basic, ebering_ecumenical_altar_abandoned, grunt_ministairs_4,
          uniq_crazy_yiuf_cottage
D:3:      wad_river_or_something, layout_basic, old_standard_altar
D:4:      layout_rooms, mainiacjoe_overflow_two_lobes, gup_sewer_entry_pipe
D:5:      layout_loops_corners, st_stairs_1
D:6:      layout_loops_ring, enter_ossuary_4
D:7:      layout_cave_pods, mainiacjoe_overflow_brackets,
          minmay_temple_entry_glass, hellmonk_ghost_happy_afterlife,
          nrook_campfire
D:8:      layout_loops_ring, uniq_maurice
Temple:   dpeg_five_rooms_temple

Skill      XL: |  1  2  3  4  5  6  7  8  9 |
---------------+----------------------------+-----
Spellcasting   | 5 6 7 9 |  9.7
Stealth        | 3 4 5 |  5.0
Fighting       | 1 2 3 4 |  4.0
Long Blades    | 1 2 3 |  3.8
Summonings     | 2 3 4 |  4.5
Conjurations   | 2 3 |  3.4
Short Blades   | 1 |  1.7
Dodging        | 3 4 |  4.8
Hexes          | 1 3 4 |  4.0
Ranged Weapons | 1 |  1.6
Polearms       | |  0.7
Throwing       | |  0.2
Translocations | |  1.7

Action                   |  1- 3 |  4- 6 |  7- 9 || total
-------------------------+-------+-------+-------++-------
Melee: Dagger            |    14 |    72 |     3 ||    89
       Punch             |     1 |     1 |     2 ||     4
       Falchion          |    40 |    61 |   198 ||   299
       War axe           |       |     3 |       ||     3
       Halberd           |       |       |     6 ||     6
       Trident           |       |       |    14 ||    14
       Glaive            |       |       |     4 ||     4
 Fire: Sling             |       |     8 |       ||     8
       Shortbow          |       |       |    21 ||    21
Throw: Boomerang         |       |     7 |     2 ||     9
       Throwing net      |       |       |     1 ||     1
 Cast: Magic Dart        |    68 |    80 |   106 ||   254
       Blink             |     3 |     4 |    10 ||    17
       Call Imp          |       |    27 |    58 ||    85
       Slow              |       |    13 |    37 ||    50
       Teleport Other    |       |       |     2 ||     2
Evoke: Wand              |       |       |     3 ||     3
  Use: Scroll            |     4 |     6 |     8 ||    18
       Potion            |       |     3 |     6 ||     9
 Stab: Sleeping          |     5 |     7 |     4 ||    16
       Held in net/web   |       |       |     3 ||     3
Armor: Robe              |    14 |    68 |   107 ||   189
       Steam dragon scal |       |       |    10 ||    10
Dodge: Dodged            |    44 |   123 |   211 ||   378
